AoeStats
← john f kennedy

Arena

505961810Analyzed
4v4 RM · 21d ago on Sep 11, 2026· 36m 45s· 8 players
Game mode
Random Map
Map size
Large (8 player)
Population
200
Speed
Normal
Resources
Standard
Victory
Conquest
Starting age
Dark Age
Ending age
Imperial Age
RankedLock teamsTeams togetherTeam positionsShared explorationLock speedFull tech treeHidden civsTurbo modeCheats
Victory
Defeat
🇩🇪 Romans · Germany
1044
+12
🇩🇪 Goths · Germany
1030
+12
🇩🇪 Ethiopians · Germany
1026
+12
🇩🇪 Turks · Germany
1022
+12
🇩🇰 Mongols · Denmark
976
-13
🇦🇷 Persians · Argentina
975
-13
🇩🇰 Spanish · Denmark
966
-13
🇩🇰 Berbers · Denmark
859
-9
Alessa
12:19 Feudal Age
10:35 Loom
14:06 Double-Bit Axe
16:26 Castle Age
14:18 Horse Collar
17:21 Wheelbarrow
21:32 Gold Mining
21:36 Stone Mining
25:15 Husbandry
25:40 Bow Saw
26:27 Elite Skirmisher
27:25 Fletching
28:07 Scale Barding Armor
30:16 Chain Barding Armor
30:18 Bloodlines
31:20 Bodkin Arrow
31:25 Padded Archer Armor
31:37 Forging
33:11 Ballistics
35:42 Imperial Age
36:10 Iron Casting
36:09 Cavalier
Krogx
10:56 Feudal Age
12:13 Wheelbarrow
11:20 Horse Collar
11:26 Double-Bit Axe
18:24 Castle Age
16:47 Stone Mining
21:11 Stone Shaft Mining
24:34 Fletching
24:45 Scale Mail Armor
25:58 Bodkin Arrow
32:11 Gold Mining
john f kennedy
12:53 Feudal Age
20:20 Castle Age
18:20 Horse Collar
18:26 Double-Bit Axe
18:33 Gold Mining
20:33 Stone Mining
22:55 Bow Saw
27:20 Heavy Plow
32:27 Imperial Age
30:34 Wheelbarrow
31:17 Gold Shaft Mining
30:31 Man-at-Arms
31:16 Squires
31:33 Forging
31:27 Scale Mail Armor
31:38 Arson
32:49 Ballistics
31:57 Long Swordsman
32:44 Two-Handed Swordsman
35:39 Iron Casting
35:19 Chain Mail Armor
35:26 Champion
Ludi
5:12 Loom
9:53 Feudal Age
14:41 Castle Age
15:38 Horse Collar
15:45 Double-Bit Axe
18:27 Heavy Plow
19:19 Stone Mining
23:13 Bow Saw
25:21 Wheelbarrow
26:36 Gold Mining
27:35 Hand Cart
27:44 Masonry
29:53 Gold Shaft Mining
30:27 Scale Barding Armor
30:14 Fletching
30:59 Bloodlines
30:52 Husbandry
31:46 Ballistics
31:23 Murder Holes
31:42 Fortified Wall
32:56 Chain Barding Armor
33:06 Guard Tower
35:56 Imperial Age
35:58 Onager
37:46 Chemistry
36:53 Siege Engineers
Rodrigo Díaz de Vivar
11:24 Feudal Age
15:32 Castle Age
13:17 Horse Collar
13:26 Double-Bit Axe
25:47 Ballistics
30:59 Imperial Age
29:35 Bow Saw
29:27 Heavy Plow
29:19 Gold Mining
29:51 Ballistas
31:01 Wheelbarrow
31:07 Heavy Scorpion
32:54 Chemistry
32:54 Siege Engineers
33:38 Hand Cart
33:09 Town Watch
33:10 Loom
Quasar
13:37 Feudal Age
17:50 Castle Age
24:06 Horse Collar
24:15 Double-Bit Axe
30:30 Imperial Age
28:19 Bow Saw
28:12 Heavy Plow
28:54 Forging
28:36 Loom
29:31 Wheelbarrow
29:04 Gold Mining
29:18 Squires
28:41 Pikeman
32:19 Iron Casting
32:48 Scale Mail Armor
32:39 Halberdier
36:05 Blast Furnace
35:20 Chain Mail Armor
caveman
12:13 Feudal Age
13:51 Horse Collar
16:36 Castle Age
15:00 Double-Bit Axe
21:54 Imperial Age
20:16 Bow Saw
21:22 Gold Mining
24:16 Wheelbarrow
32:37 Husbandry
daAlex
10:52 Feudal Age
11:48 Double-Bit Axe
14:26 Castle Age
15:10 Loom
15:52 Bow Saw
15:25 Horse Collar
24:10 Scale Mail Armor
24:21 Forging
25:53 Chain Mail Armor
27:02 Iron Casting
26:25 Arson
26:49 Squires
27:14 Gold Mining
29:25 Royal Heirs
31:36 Gold Shaft Mining
Connection lost

Rejoining the realm…

Still unreachable

The connection could not be restored.

Session expired

The server has moved on; the page needs a fresh start.